 Dungeon Crawl Stone Soup version 0.30-a0-142-g7370640ec8 (webtiles) character file.

Game seed: 6360398226562027752

139 qw the Chopper (level 5, -3/32 HPs)
             Began as a Gargoyle Fighter on Sept 26, 2022.
             Slain by a gnoll
             ... wielding a +0 halberd
             ... led by a gnoll bouda
              (6 damage)
             ... on level 4 of the Dungeon.
             The game lasted 00:01:01 (2632 turns).

qw the Chopper (Gargoyle Fighter)                   Turns: 2632, Time: 00:01:02

Health: -3/32      AC: 10    Str: 21    XL:     5   Next: 22%
Magic:  5/5        EV:  9    Int:  9    God:
Gold:   206        SH:  4    Dex:  9    Spells: 4/4 levels left

rFire   . . .      SeeInvis .    Y - +0 war axe
rCold   . . .      Faith    .    c - +0 buckler
rNeg    + . .      Spirit   .    b - +0 scale mail
rPois   inf        Reflect  .    (no helmet)
rElec   +          Harm     .    (no cloak)
rCorr   .          Rampage  .    (no gloves)
Will    .....                    (no boots)
Stlth   ..........               (no amulet)
HPRegen 0.10/turn                (no ring)
MPRegen 0.09/turn                (no ring)

@: about to teleport
A: sickness immunity, AC +4, negative energy resistance 1, electricity
resistance, torment resistance 1, petrification resistance
a: no special abilities


You were on level 4 of the Dungeon.
You visited 1 branch of the dungeon, and saw 4 of its levels.

You collected 206 gold pieces.


Innate Abilities, Weirdness & Mutations

You are immune to sickness and miasma.
Your stone body is resilient. (AC +4)
You are immune to poison.
You resist negative energy. (rN+)
You are resistant to electric shocks. (rElec)
You are resistant to unholy torment.
You are immune to petrification.


   Skills:
 - Level 3.2 Fighting
 + Level 4.8 Axes
 - Level 3.2 Armour
 - Level 3.2 Shields


You had 4 spell levels left.
You didn't know any spells.
Your spell library was empty.

Inventory:

Hand Weapons
 a - a +0 flail
 Y - a +0 war axe (weapon)
Missiles
 q - 3 boomerangs (quivered)
Armour
 b - a +0 scale mail (worn)
 c - a +0 buckler (worn)
Scrolls
 f - a scroll of identify
 k - 2 scrolls of enchant armour
Potions
 d - a potion of might
 e - a potion of curing {unknown}
 g - a potion of attraction {unknown}
 h - a potion of degeneration {unknown}
 i - a potion of ambrosia {unknown}
 l - a potion of cancellation {unknown}

Dungeon Overview and Level Annotations

Branches:
Dungeon (4/15)
 Temple: D:4-7

Altars:
Trog
Uskayaw

Shops:
D:4 [


Message History

The hound is severely wounded.
You miss the adder. You closely miss the adder. You block the hound's attack.
The adder barely misses you. The adder bites you but does no damage.
The gnoll bouda barks out a call to the hunt!
The gnolls pick up the pace!
The gnoll closely misses you.
You barely miss the hound.
The hound is severely wounded.
You hit the adder. x2
You block the hound's attack.
The adder bites you but does no damage. x2
The hound closely misses you. The gnoll closely misses you.
The adder bites you but does no damage. The adder bites you.
The gnoll hits you from afar with a +0 halberd.
You slash the hound!
You kill the hound!
You completely miss the adder. You closely miss the adder.
You hit the gnoll bouda. The adder barely misses you.
The gnoll bouda hits you with a +0 whip!
The gnoll closely misses you. The adder bites you but does no damage.
The gnoll barely misses you. The adder bites you but does no damage.
You have reached level 5!
You barely miss the gnoll bouda.
The gnoll bouda is moderately wounded.
You hit the adder. You barely miss the adder.
You completely miss the endoplasm. The adder bites you but does no damage.
The gnoll bouda hits you with a +0 whip.
The gnoll hits you but does no damage. The endoplasm freezes you.
You are frozen.
The gnoll closely misses you.
The adder bites you but does no damage. x2; The gnoll barely misses you.
The gnoll bouda hits you with a +0 whip.
The endoplasm closely misses you. You block the gnoll's attack.
2632 ||| READING scroll of teleportation.
As you read the scroll of teleportation, it crumbles to dust.
You feel strangely unstable. The adder bites you but does no damage.
The adder barely misses you.
The gnoll hits you from afar with a +0 halberd.
You die...

..........
......... .
......... ..
......... ...
##........ ...g
.n....... .g...
###SJ......
..\...#.g@.......
.......ggS..?...#
.......g.....#...
.................
............#....
............#....
............# ...
............# ..
............#


You could see a necrophage, a gnoll bouda, 3 gnolls, 2 adders and an endoplasm.

Vanquished Creatures
  A hound (D:4)
  3 adders
  2 worms (D:2)
  A dart slug (D:1)
  4 orcs (D:3)
  7 ball pythons
  5 bats
  6 endoplasms
  6 goblins
  6 hobgoblins
  3 jackals (D:1)
  A quokka (D:1)
  10 frilled lizards
  9 kobolds
  7 rats
71 creatures vanquished.

Vanquished Creatures (others)
  10 plants (D:3)
10 creatures vanquished.

Grand Total: 81 creatures vanquished

Notes
Turn   | Place    | Note
-------+----------+-------------------------------------------
     0 | D:1      | qw the Gargoyle Fighter began the quest for the Orb.
     0 | D:1      | Reached XP level 1. HP: 14/14 MP: 1/1
     0 | D:1      | 0 ||| qw: Version: 0.2-a-10-g399e6c4
     0 | D:1      | 0 ||| qw: Game counter: 446
     0 | D:1      | 0 ||| qw: Always use a shield: true
     0 | D:1      | 0 ||| qw: God list: Okawaru
     0 | D:1      | 0 ||| qw: Allow faded altars: false
     0 | D:1      | 0 ||| qw: Do Orc after D:15 true
     0 | D:1      | 0 ||| qw: Do second Lair branch before Depths: true
     0 | D:1      | 0 ||| qw: Lair rune preference: random
     0 | D:1      | 0 ||| qw: Plans: Normal, Zot:1-4, God:TSO, Crypt, Tomb,
                  | Pan, Slime:5, Hells, Abyss, Orb
     0 | D:1      | 0 ||| PLANNING D:1-11
    40 | D:1      | Reached skill level 2 in Axes
   180 | D:1      | Reached XP level 2. HP: 19/19 MP: 2/2
   265 | D:1      | 265 ||| Stepping ~*~*~tactically~*~*~ (stealth).
   386 | D:1      | 386 ||| Stepping ~*~*~tactically~*~*~ (stealth).
   388 | D:1      | 388 ||| Stepping ~*~*~tactically~*~*~ (stealth).
   397 | D:1      | 397 ||| Stepping ~*~*~tactically~*~*~ (stealth).
   398 | D:1      | 398 ||| Stepping ~*~*~tactically~*~*~ (stealth).
   402 | D:1      | HP: 3/19 [frozen (4)]
   670 | D:1      | 670 ||| Stepping ~*~*~tactically~*~*~ (stealth).
   757 | D:1      | Reached skill level 3 in Axes
   824 | D:1      | Found a faded altar of an unknown god.
   866 | D:1      | Reached XP level 3. HP: 23/23 MP: 3/3
  1206 | D:1      | 1206 ||| READING scroll labelled ZOJOEG BOGANAM.
  1207 | D:1      | 1207 ||| READING scroll labelled JUHAAWAUGHIO.
  1208 | D:1      | 1208 ||| READING scroll labelled YCWOLO NEIRES.
  1230 | D:2      | 1230 ||| Stepping ~*~*~tactically~*~*~ (stealth).
  1250 | D:2      | 1250 ||| DROPPING +0 whip.
  1261 | D:2      | 1261 ||| Stepping ~*~*~tactically~*~*~ (stealth).
  1263 | D:2      | 1263 ||| Stepping ~*~*~tactically~*~*~ (stealth).
  1273 | D:2      | 1273 ||| Stepping ~*~*~tactically~*~*~ (stealth).
  1274 | D:2      | 1274 ||| Stepping ~*~*~tactically~*~*~ (stealth).
  1284 | D:2      | 1284 ||| Stepping ~*~*~tactically~*~*~ (stealth).
  1285 | D:2      | 1285 ||| Stepping ~*~*~tactically~*~*~ (stealth).
  1288 | D:2      | 1288 ||| Stepping ~*~*~tactically~*~*~ (stealth).
  1420 | D:2      | 1420 ||| Stepping ~*~*~tactically~*~*~ (stealth).
  1496 | D:2      | 1496 ||| FLEEEEING.
  1505 | D:2      | 1505 ||| Stepping ~*~*~tactically~*~*~ (stealth).
  1515 | D:2      | Reached XP level 4. HP: 26/28 MP: 4/4
  1555 | D:2      | 1555 ||| Stepping ~*~*~tactically~*~*~ (stealth).
  1672 | D:2      | Reached skill level 4 in Axes
  1967 | D:2      | 1967 ||| READING scroll labelled CEYVAI KEFITHU.
  2003 | D:3      | 2003 ||| Stepping ~*~*~tactically~*~*~ (stealth).
  2006 | D:3      | 2006 ||| Stepping ~*~*~tactically~*~*~ (stealth).
  2008 | D:3      | 2008 ||| Stepping ~*~*~tactically~*~*~ (stealth).
  2022 | D:3      | 2022 ||| Stepping ~*~*~tactically~*~*~ (stealth).
  2024 | D:3      | 2024 ||| Stepping ~*~*~tactically~*~*~ (stealth).
  2027 | D:3      | 2027 ||| Stepping ~*~*~tactically~*~*~ (stealth).
  2028 | D:3      | 2028 ||| Stepping ~*~*~tactically~*~*~ (stealth).
  2029 | D:3      | 2029 ||| Stepping ~*~*~tactically~*~*~ (stealth).
  2196 | D:3      | Found a bloodstained altar of Trog.
  2199 | D:3      | Found a hide-covered altar of Uskayaw.
  2474 | D:3      | 2474 ||| READING scroll labelled RAPEOH LUICSE.
  2575 | D:3      | 2575 ||| READING scroll labelled PIRRIUXIEMA.
  2576 | D:3      | 2576 ||| READING scroll labelled KAMATE LIMA.
  2577 | D:3      | 2577 ||| READING scroll labelled UJIANU FUOXEA.
  2622 | D:4      | Found Jomaduoq's Armour Emporium.
  2623 | D:4      | 2623 ||| Stepping ~*~*~tactically~*~*~ (hiding).
  2626 | D:4      | Noticed a necrophage
  2631 | D:4      | Reached XP level 5. HP: 12/32 MP: 5/5
  2631 | D:4      | HP: 8/32 [gnoll bouda/+0 whip (4)]
  2631 | D:4      | HP: 3/32 [gnoll bouda/+0 whip (3)]
  2632 | D:4      | 2632 ||| READING scroll of teleportation.
  2632 | D:4      | Slain by a gnoll

Levels and vault maps discovered:
D:1:      matt_arrival_grand_opening, layout_loops_ring,
          hellmonk_ecumenical_altar_slurped_away
D:2:      layout_rooms, minmay_three_crescents
D:3:      layout_loops_cross, nicolae_overflow_squiral,
          nicolae_kite_square_tiling_tiny, minmay_lizard_king
D:4:      layout_basic, lemuel_crystal_altar, minmay_temple_entry_from_below_a,
          serial_shops, shop, minmay_starry_boxes

Skill      XL: |  1  2  3  4 |
---------------+-------------+-----
Axes           | 2 3 4 |  4.8
Fighting       | |  3.2
Armour         | |  3.2
Shields        | |  3.2

Action                   |  1- 3 |  4- 6 || total
-------------------------+-------+-------++-------
Melee: War axe           |   103 |    97 ||   200
  Use: Scroll            |     3 |     6 ||     9
Armor: Scale mail        |    38 |    57 ||    95
Dodge: Dodged            |    34 |    45 ||    79
Block: Buckler           |    17 |    27 ||    44

Table legend:
 A = Non-vault XP
 B = Vault XP
 C = Vault XP percentage of total XP
 D = Non-vault monster count
 E = Vault monster count
 F = Vault count percentage of total count
                 A         B        C        D         E       F
            +---------+---------+-------+---------+---------+-------
      Total |     168 |      31 |  15.6 |      57 |      14 |  19.7
            +---------+---------+-------+---------+---------+-------
        D:1 |      42 |       2 |   4.5 |      23 |       1 |   4.2
        D:2 |      54 |      21 |  28.0 |      25 |       5 |  16.7
        D:3 |      29 |       8 |  21.6 |       8 |       8 |  50.0
        D:4 |      43 |       0 |   0.0 |       1 |       0 |   0.0
            +---------+---------+-------+---------+---------+-------
